 Dungeon Crawl Stone Soup version 0.26-b1-32-g5d43845318 (webtiles) character file.

Game seed: 4185473048231488510

4662 Borgoz the Fighter (level 10, -2/97 HPs)
             Began as a Gargoyle Gladiator on Jan 12, 2021.
             Slain by a freezing wraith (10 damage)
             ... led by a death knight
             ... on level 9 of the Dungeon.
             The game lasted 00:13:50 (9579 turns).

Borgoz the Fighter (Gargoyle Gladiator)             Turns: 9579, Time: 00:13:51

Health: -2/97      AC: 18    Str: 20    XL:     10   Next: 43%
Magic:  10/10      EV: 19    Int:  9    God:
Gold:   877        SH:  5    Dex: 12    Spells: 9/9 levels left

rFire    . . .     SeeInvis .   o - +0 morningstar
rCold    . . .     Faith    .   (no shield)
rNeg     + . .     Spirit   .   v - +0 steam dragon scales
rPois    ∞         Reflect  +   s - +2 hat
rElec    +         Harm     .   i - +0 cloak
rCorr    .         Rampage  .   q - +0 pair of gloves
Will     .....                  (no boots)
Stlth    ..........             c - amulet of reflection
HPRegen  0.26/turn              B - +4 ring of evasion
MPRegen  0.12/turn              (no ring)

@: berserking (expiring), very quick
A: negative energy resistance 1, electricity resistance, unbreathing,
petrification resistance, miasma immunity, AC +7
a: no special abilities


You were on level 9 of the Dungeon.
You visited 2 branches of the dungeon, and saw 10 of its levels.
You also visited: Ossuary and Bailey.

You collected 877 gold pieces.

Inventory:

Hand Weapons
 o - a +0 morningstar (weapon)
 t - a +2 flail of holy wrath
 y - a +0 great mace
Missiles
 d - 4 throwing nets (quivered)
Armour
 i - a +0 cloak (worn)
 q - a +0 pair of gloves (worn)
 s - a +2 hat (worn)
 v - +0 steam dragon scales (worn)
Jewellery
 c - an amulet of reflection (around neck)
 B - a +4 ring of evasion (left hand)
Wands
 e - a wand of disintegration (28)
 p - a wand of flame (11)
 u - a wand of digging (5)
Scrolls
 f - 3 scrolls of enchant weapon
 h - 4 scrolls of enchant armour
 k - a scroll of remove curse
 l - 2 scrolls of teleportation
 r - a scroll of blinking
 x - a scroll of fog {unknown}
 z - a scroll of identify
 A - a scroll of magic mapping
Potions
 a - 2 potions of magic
 b - 3 potions of heal wounds
 g - 3 potions of berserk rage
 j - 5 potions of haste {unknown}
 m - 4 potions of curing
 n - 2 potions of mutation
 w - a potion of degeneration {unknown}


   Skills:
 + Level 8.5 Fighting
 + Level 8.1 Maces & Flails
 - Level 1.7 Throwing
 + Level 8.1 Armour
 + Level 6.7 Dodging


You had 9 spell levels left.
You didn't know any spells.
Your spell library contained the following spells:

 Spells                   Type           Power        Failure   Level
 Animate Skeleton         Necr           0%           38%         1
 Apportation              Tloc           0%           38%         1
 Corona                   Hex            0%           38%         1
 Summon Small Mammal      Summ           0%           38%         1
 Ensorcelled Hibernation  Hex/Ice        0%           52%         2
 Confusing Touch          Hex            0%           77%         3
 Dazzling Flash           Conj/Hex       0%           77%         3
 Tukima's Dance           Hex            0%           77%         3


Dungeon Overview and Level Annotations

Branches:
Dungeon (9/15)             Temple (1/1) D:5         Ossuary (visited)
 Bailey (visited)
   Lair: D:8-11         Orc: D:9-12

Altars:
Ashenzari
Cheibriados
Dithmenos
Elyvilon
Fedhas
Gozag
Hepliaklqana
Kikubaaqudgha
Makhleb
Nemelex Xobeh
Qazlal
Ru
Sif Muna
Trog
Uskayaw
Vehumet
Wu Jian
Xom
Yredelemnul
Zin
The Shining One

Shops:
D:4 [   D:5 [!


Innate Abilities, Weirdness & Mutations

You are resistant to torment.
Your stone body is resilient. (AC +7)
You are immune to poison.
You resist negative energy. (rN+)
You are resistant to electric shocks. (rElec)
You can survive without breathing.
You are immune to petrification.
You are immune to miasma.


Message History

The freezing wraith is lightly damaged.
You feel yourself speed up. The wraith completely misses you.
The freezing wraith hits you but does no damage.
The freezing wraith misses you.
The death knight hits you from afar with a +0 glaive!!
* * * LOW HITPOINT WARNING * * *
You barely miss the freezing wraith.
The freezing wraith is lightly damaged.
The wraith hits you.
* * * LOW HITPOINT WARNING * * *
The freezing wraith closely misses you. x2
You hit the freezing wraith but do no damage.
The freezing wraith is lightly damaged.
The death knight offers itself to Yredelemnul, and fills with unholy energy.
The wraith misses you.
You sock the freezing wraith!
The freezing wraith is heavily damaged.
The freezing wraith hits you!
You die...

...## # ....# <#
....#... _.....#
###### ....#.#
#...... ....#...
....... ...## ..
##..... .###
##.Wp# ....
##.@W# ...#
##..### ...##
##..##
....########...#
....#.........##
.............##
.............##
.....###......###
...### ##.......#


You could see a death knight (reflects damage), a freezing wraith and a wraith.

Vanquished Creatures
  Pikel (D:7)
  A deep elf mage (D:8)
  Maggie (D:7)
  Sigmund (D:5)
  A wraith (D:9)
  A water moccasin (D:8)
  5 orc warriors
  3 phantoms
  An ice beast (D:5)
  2 ogres (D:8)
  6 centaurs
  A big kobold (D:7)
  A bullfrog (D:6)
  A water moccasin zombie (Ossuary)
  3 scorpions
  4 wights (D:6)
  A howler monkey (D:5)
  4 orc priests
  3 bullfrog skeletons
  2 quasits
  A centaur skeleton (D:5)
  4 hounds
  2 jellies
  2 orc wizards
  3 iguanas
  A worker ant (D:8)
  3 big kobold zombies (Ossuary)
  A hound zombie (D:8)
  A hound skeleton (D:5)
  2 mummies (Ossuary)
  2 worker ant zombies
  8 gnolls
  4 adders
  4 shadow imps
  3 white imps
  An ufetubus (D:7)
  2 oozes
  4 adder zombies (Ossuary)
  An adder skeleton (D:8)
  A dart slug (D:2)
  5 leopard geckos
  37 orcs
  2 ball pythons
  2 bats (D:1)
  6 giant cockroaches
  9 hobgoblins
  10 jackals
  6 frilled lizards
  A gnoll zombie (Ossuary)
  11 goblins
  3 hobgoblin zombies (Ossuary)
  20 kobolds
  2 kobold zombies (Ossuary)
  6 orc zombies (Ossuary)
  6 rats
219 creatures vanquished.

Notes
Turn   | Place    | Note
-------+----------+-------------------------------------------
     0 | D:1      | Borgoz the Gargoyle Gladiator began the quest for the Orb.
     0 | D:1      | Reached XP level 1. HP: 12/12 MP: 1/1
    87 | D:1      | Reached XP level 2. HP: 13/18 MP: 2/2
   341 | D:1      | Reached skill level 1 in Armour
   600 | D:1      | Reached XP level 3. HP: 22/22 MP: 3/3
  1294 | D:2      | Found a sparkling altar of Nemelex Xobeh.
  1331 | D:2      | Found a glowing silver altar of Zin.
  1456 | D:2      | Reached XP level 4. HP: 27/27 MP: 4/4
  1481 | D:2      | Found an ornate altar of the Wu Jian Council.
  1741 | D:3      | Found an opulent altar of Gozag.
  2006 | D:3      | Found an ancient bone altar of Kikubaaqudgha.
  2006 | D:3      | Found a blossoming altar of Fedhas.
  2158 | D:4      | Reached XP level 5. HP: 10/32 MP: 5/5
  2812 | D:4      | Reached XP level 6. HP: 37/38 MP: 6/6
  3053 | D:4      | Found Tywos's Antique Armour Boutique.
  3254 | D:4      | Noticed a phantom
  3698 | D:5      | Entered Level 5 of the Dungeon
  3702 | D:5      | Reached XP level 7. HP: 35/44 MP: 7/7
  3715 | D:5      | Found a shimmering blue altar of Sif Muna.
  3752 | D:5      | Found a sand-covered staircase.
  3761 | Ossuary  | Entered an ossuary
  3939 | Ossuary  | Reached skill level 5 in Maces & Flails
  4372 | D:5      | Reached skill level 5 in Fighting
  4641 | D:5      | Reached XP level 8. HP: 45/49 MP: 8/8
  4893 | D:5      | Found a basalt altar of Yredelemnul.
  4950 | D:5      | Found Neefy's Armour Emporium.
  5176 | D:5      | Found Bonkedwyn's Distillery.
  5184 | D:5      | Reached skill level 5 in Armour
  5289 | D:5      | Noticed Sigmund
  5306 | D:5      | Killed Sigmund
  5447 | D:5      | Found a staircase to the Ecumenical Temple.
  5607 | D:6      | Reached skill level 5 in Dodging
  6118 | D:6      | Reached XP level 9. HP: 56/56 MP: 9/9
  6325 | D:6      | Found a shimmering altar of Xom.
  6732 | D:6      | Found a sacrificial altar of Ru.
  7020 | D:7      | Noticed Pikel
  7048 | D:7      | Killed Pikel
  7200 | D:7      | Found a glowing golden altar of the Shining One.
  7271 | D:7      | Found a flagged portal.
  7288 | D:7      | Noticed Maggie
  7309 | D:7      | Killed Maggie
  7516 | Bailey   | Entered a bailey
  7587 | Bailey   | Reached XP level 10. HP: 64/64 MP: 10/10
  7800 | Bailey   | Found a bloodstained altar of Trog.
  8343 | Temple   | Entered the Ecumenical Temple
  8919 | D:8      | Found a sparkling altar of Nemelex Xobeh.
  9149 | D:8      | Noticed a deep elf mage
  9165 | D:8      | Killed a deep elf mage
  9483 | D:9      | Found a shadowy altar of Dithmenos.
  9567 | D:9      | Noticed a death knight
  9579 | D:9      | Slain by a freezing wraith

Illustrated notes

Levels and vault maps discovered:
D:1:      scummos_arrival_forest, layout_loops_ring, minmay_quantized
D:2:      layout_loops_ring, overflow_temple_1_default,
          nzn_wu_jian_council_hall, nemelex_spade_bored_becter
D:3:      layout_rooms, grunt_temple_overflow_growth_and_decay,
          grunt_gozag_breadcrumbs
D:4:      layout_basic, serial_shops, nicolae_shop_crystal
D:5:      layout_loops_cross, marbit_many_paths,
          minmay_temple_entry_from_below_b, serial_shops, shop, enter_ossuary_1,
          basic_altar, minmay_shop_grid_forest, uniq_sigmund
D:6:      layout_basic, xom_teletrap_fun, basic_altar
D:7:      layout_rooms, tso_altar, enter_bailey_5, uniq_maggie, uniq_pikel
D:8:      layout_cave_pods, kennysheep_little_box, serial_column_ruins,
          column_ruins_hut, column_ruins_square_small, column_ruins_open_tiny,
          column_ruins_grid_2, column_ruins_grid_3, column_ruins_open_small,
          column_ruins_open_small, column_ruins_grid_1,
          guppyfry_early_elven_hall
D:9:      layout_layer_cave, old_standard_altar, okawaru_trees_2,
          old_standard_altar
Temple:   compressed_dpeg_circular_temple

Skill      XL: |  1  2  3  4  5  6  7  8  9 10 |
---------------+-------------------------------+-----
Armour         | 1 2 3 4 5 7 8 |  8.1
Fighting       | 3 4 5 6 7 8 |  8.5
Dodging        | 3 4 5 6 |  6.7
Maces & Flails | 4 5 6 7 8 |  8.1
Throwing       | |  1.7

Action                   |  1- 3 |  4- 6 |  7- 9 | 10-12 || total
-------------------------+-------+-------+-------+-------++-------
Melee: Flail             |   124 |   110 |       |       ||   234
       Morningstar       |       |    82 |   495 |   125 ||   702
       Unarmed           |       |       |       |     7 ||     7
Throw: Throwing net      |       |     3 |       |       ||     3
Evoke: Wand              |       |       |    11 |       ||    11
  Use: Scroll            |     9 |     2 |    10 |     1 ||    22
       Potion            |       |     1 |     3 |     1 ||     5
 Stab: Held in net/web   |       |     2 |       |       ||     2
Armor: Leather armour    |    47 |   110 |   253 |       ||   410
       Steam dragon scal |       |       |     3 |    58 ||    61
Dodge: Dodged            |    92 |   178 |   472 |   126 ||   868
Block: Other             |       |       |    18 |    40 ||    58
       Reflection        |       |       |     6 |       ||     6
